 Dungeon Crawl Stone Soup version 0.22.1-1-ga44c0e56f4 (webtiles) character file.

67 Riddle the Skirmisher (level 4, -1/37 HPs)
             Began as a Formicid Abyssal Knight on Sept 30, 2018.
             Was a Believer of Lugonu.
             Slain by a worker ant (3 damage)
             ... on level 3 of the Dungeon.
             The game lasted 00:04:37 (3256 turns).

Riddle the Skirmisher (Formicid Abyssal Knight)     Turns: 3256, Time: 00:04:38

Health: -1/37      AC:  3    Str: 22    XL:     4   Next: 38%
Magic:  3/5        EV: 11    Int: 12    God:    Lugonu [**....]
Gold:   48         SH:  0    Dex: 10    Spells: 3/3 levels left

rFire    . . .     SeeInvis +   a - +1 hand axe
rCold    . . .     Gourm    .   (no shield)
rNeg     . . .     Faith    .   b - +0 leather armour
rPois    .         Spirit   .   (helmet unavailable)
rElec    .         Reflect  .   (no cloak)
rCorr    .         Harm     .   (no gloves)
MR       .....                  (no boots)
Stlth    +.........             (no amulet)
HPRegen  0.12/turn              h - ring of teleportation (curse)
MPRegen  0.09/turn              (no ring)

@: mighty, flying, drained
A: permanent stasis, dig shafts and tunnels, four strong arms, antennae 3
a: Dig, Shaft Self, Depart the Abyss, Bend Space, Renounce Religion


You were on level 3 of the Dungeon.
You worshipped Lugonu.
Lugonu was pleased with you.
You were not hungry.

You visited 1 branch of the dungeon, and saw 3 of its levels.
You visited the Abyss 1 time.

You collected 48 gold pieces.

Inventory:

Hand Weapons
 a - a +1 hand axe (weapon)
Armour
 b - a +0 leather armour (worn)
Jewellery
 h - a cursed ring of teleportation (left hand)
Scrolls
 d - a scroll of teleportation {unknown}
 g - 4 scrolls of identify {unknown}
Potions
 e - a potion of might
Comestibles
 c - 4 rations
 i - 2 chunks of flesh


   Skills:
 + Level 4.2(3.9) Fighting
 + Level 3.0(2.7) Axes
 + Level 2.7(2.4) Armour
 + Level 1.2(1.0) Dodging
 + Level 2.2(2.0) Invocations


You had 3 spell levels left.
You didn't know any spells.
Your spell library contained the following spells:

 Spells                   Type           Power        Failure   Level  Hunger
 Corona                   Hex            #......      36%         1    ##.....
 Ensorcelled Hibernation  Hex/Ice        #.....       50%         2    ###....
 Confuse                  Hex            #.......     75%         3    ####...
 Dazzling Spray           Conj/Hex       #.....       75%         3    ####...
 Tukima's Dance           Hex            #.......     75%         3    ####...


Dungeon Overview and Level Annotations

Branches:
Dungeon (3/15)

Altars:
Dithmenos
Gozag
Ru
Vehumet
Wu Jian

Annotations:
D:3 Natasha


Innate Abilities, Weirdness & Mutations

You cannot be hasted, slowed, berserked, paralysed or teleported.
You can dig through walls and to a lower floor.
Your four strong arms can wield two-handed weapons with a shield.
You have a pair of large antennae on your head. (SInv)


Message History

Natasha mumbles some strange words.
The dart slug launches a dart at you. The slug dart hits you!
* * * LOW HITPOINT WARNING * * *
The white imp closely misses you.
The crimson imp grins evilly.
Natasha casts a spell at you. You resist with some effort.
The white imp barely misses you. Natasha claws you.
* * * LOW HITPOINT WARNING * * *
You don't have enough health at the moment.
The white imp disappears in a puff of smoke!
The worker ant bites you but does no damage.
The worker ant bites you but does no damage.
It was a potion of might.
You feel very mighty all of a sudden. The worker ant barely misses you.
It was a potion of flight.
You feel very buoyant.
You fly up into the air.
The worker ant bites you.
You die...

########.#.###
...........#
########.###
#.###### ##.##
#!..§w.######...#
.....####.{{.5...#.#
... #w######...# .
#h.a.# ##### #..#@#
.....#.# ..#..###.#
#.. #.# .... ..#
..... ### .###


You could see a worker ant, Natasha and a dart slug.

Vanquished Creatures
  2 adders (D:2)
  2 oozes
  A ball python (D:3)
  5 bats
  3 giant cockroaches
  4 goblins
  6 hobgoblins
  6 kobolds
  3 frilled lizards
  8 rats
40 creatures vanquished.

Notes
Turn   | Place    | Note
-------+----------+-------------------------------------------
     0 | Abyss:1  | Riddle the Formicid Abyssal Knight began the quest for the
                  | Orb.
     0 | Abyss:1  | Reached XP level 1. HP: 18/18 MP: 2/2
    36 | D:1      | Escaped the Abyss
   366 | D:1      | Reached XP level 2. HP: 11/25 MP: 3/3
  1066 | D:1      | Reached skill level 1 in Dodging
  1093 | D:1      | Reached XP level 3. HP: 30/30 MP: 4/4
  1772 | D:2      | Found a sacrificial altar of Ru.
  1951 | D:2      | Reached skill level 4 in Fighting
  2261 | D:2      | Reached ** piety under Lugonu
  2431 | D:2      | Found an opulent altar of Gozag.
  2431 | D:2      | Found an ornate altar of the Wu Jian Council.
  2477 | D:2      | Reached XP level 4. HP: 33/37 MP: 5/5
  2930 | D:2      | Found a shadowy altar of Dithmenos.
  3033 | D:3      | Found a radiant altar of Vehumet.
  3233 | D:3      | Noticed Natasha
  3256 | D:3      | Slain by a worker ant

Skill      XL: |  1  2  3  4 |
---------------+-------------+-----
Dodging        | 1 |  1.2
Fighting       | 4 |  4.2
Axes           | 3 |  3.0
Armour         | |  2.7
Invocations    | |  2.2

Action                   |  1- 3 |  4- 6 || total
-------------------------+-------+-------++-------
Melee: Hand axe          |   120 |    25 ||   145
Invok: Bend Space        |       |     4 ||     4
  Use: Potion            |       |     2 ||     2
  Eat: Chunk             |     5 |     2 ||     7
Armor: Leather armour    |    34 |     8 ||    42
Dodge: Dodged            |    77 |    20 ||    97
